Map: Bel'Shir Vestige LE (Void)

Players

Silky - Winner!

  • Race: Zerg Zerg
  • Spawn Location: 11:00

Warren

  • Race: Zerg Zerg
  • Spawn Location: 5:00

Event: WCS Austin 2017

VOD

Have the link to the VOD?

Description

Time

  • Played on: April 28, 2017, 2:15 p.m.
  • Length: 12:52

All games in this series

Show
View Real Time Build Order
Export as new Build Order

Silky Zerg - Winner!

Build Orders: Pool First, Lurkers 

Get SALT Encoding   

  12  0:17  Spawning Pool  
  11  0:22  Drone  
  11  0:27  Drone  
  13  0:32  Drone  
  14  0:40  Overlord  
  14  1:04  Zergling x4  
  14  1:05  Zergling x2  
  17  1:16  Zergling x2  
  17  1:18  Hatchery  
  17  1:27  Zergling x2  
  17  1:32  Queen  
  18  1:38  Zergling x2  
  21  1:48  Overlord  
  21  2:01  Drone  
  21  2:08  Queen  
  22  2:12  Drone  
  26  2:22  Drone  
  26  2:35  Queen  
  27  2:38  Spine Crawler  
  27  2:39  Drone x2  
  28  2:44  Drone x2  
  28  2:47  Drone  
  31  2:52  Drone  
  31  2:57  Drone  
  31  2:58  Drone  
  29  3:05  Drone  
  29  3:07  Overlord  
  30  3:15  Drone  
  30  3:18  Drone  
  32  3:22  Evolution Chamber  
  32  3:24  Drone  
  32  3:26  Roach Warren  
  31  3:30  Evolution Chamber  
  31  3:33  Drone x2  
  32  3:34  Drone  
  32  3:38  Extractor  
  32  3:39  Drone, Extractor  
  32  3:41  Drone  
  33  3:45  Drone  
  33  3:47  Drone  
  35  3:48  Drone  
  35  3:51  Drone  
  35  3:53  Drone  
  38  3:59  Drone x2  
  40  4:09  Drone  
  41  4:10  Drone  
  41  4:15  Overlord  
  41  4:16  Drone  
  41  4:17  Drone  
  44  4:24  Extractor  
  43  4:25  Extractor  
  42  4:31  Lair  
  42  4:33  Drone x2  
  42  4:34  Drone  
  42  4:35  Drone x4  
  49  4:51  Zerg Missile Weapons Level 1, Hatchery  
  49  4:52  Overlord x2  
  49  4:55  Overlord  
  49  4:59  Overlord  
  49  5:01  Roach  
  51  5:11  Overlord  
  51  5:12  Roach x3  
  57  5:16  Roach x2  
  57  5:19  Roach  
  63  5:22  Roach  
  63  5:23  Roach  
  63  5:27  Roach x2  
  71  5:29  Overseer  
  71  5:33  Overlord  
  71  5:43  Glial Reconstitution  
  71  5:45  Drone x2  
  71  5:46  Roach  
  71  5:47  Roach  
  77  5:51  Overlord  
  77  5:54  Roach x2  
  81  5:59  Queen  
  81  6:00  Queen  
  85  6:08  Spore Crawler  
  85  6:10  Spore Crawler  
  83  6:15  Drone x5  
  83  6:17  Overlord  
  88  6:19  Drone, Spore Crawler  
  88  6:26  Queen  
  90  6:38  Spore Crawler  
  87  6:41  Roach  
  87  6:42  Roach x5  
  93  6:48  Roach x2  
  93  6:49  Roach  
  93  6:51  Roach  
  98  6:54  Roach  
  98  7:00  Roach x2  
  104  7:07  Spore Crawler  
  104  7:08  Roach x3  
  101  7:14  Spore Crawler  
  101  7:15  Drone x2  
  102  7:16  Drone  
  102  7:20  Drone x2  
  102  7:21  Drone  
  102  7:25  Drone  
  102  7:26  Drone  
  100  7:31  Hydralisk Den  
  100  7:35  Drone x2  
  100  7:36  Drone  
  102  7:43  Drone x3  
  105  7:46  Drone  
  105  7:51  Overlord  
  106  8:01  Zerg Missile Weapons Level 2, Drone  
  107  8:05  Drone  
  107  8:06  Drone x4  
  107  8:07  Drone  
  113  8:13  Lurker Den  
  113  8:15  Drone  
  114  8:25  Extractor  
  114  8:26  Extractor  
  112  8:28  Extractor  
  107  8:34  Drone x2, Queen  
  107  8:39  Drone x5  
  110  8:42  Overlord  
  110  8:45  Hydralisk  
  110  8:46  Hydralisk  
  114  8:52  Hydralisk  
  110  8:59  Hydralisk x2  
  110  9:00  Hydralisk, Spore Crawler  
  111  9:03  Hydralisk x3  
  111  9:04  Hydralisk  
  111  9:07  Spore Crawler  
  111  9:08  Drone  
  119  9:13  Drone  
  119  9:14  Zerg Ground Armor Level 1  
  119  9:15  Hydralisk, Spore Crawler  
  121  9:25  Overlord  
  121  9:28  Overlord x2  
  121  9:33  Overlord  
  121  9:34  Overlord x4  
  121  9:39  Overseer x2  
  121  9:49  Lurker x4  
  121  9:50  Lurker  
  126  9:56  Roach x3, Hydralisk  
  128  10:03  Hydralisk x3  
  134  10:12  Overlord x2  
  134  10:16  Hydralisk x4  
  134  10:17  Hatchery  
  141  10:24  Queen  
  141  10:25  Drone x3  
  146  10:32  Hydralisk x3  
  146  10:33  Hydralisk x2  
  156  10:39  Overlord x2  
  152  10:59  Spine Crawler  
  150  11:07  Roach x9  
  150  11:08  Roach x4  
  176  11:22  Roach x3  
  176  11:25  Infestation Pit  
  181  11:37  Hatchery  
  181  11:38  Overlord, Spire, Spore Crawler  
  181  11:39  Spore Crawler  
  171  12:09  Roach  
  171  12:10  Roach x8  
  170  12:25  Hydralisk x4  
  170  12:26  Hydralisk  
Show
View Real Time Build Order
Export as new Build Order

Warren Zerg 

Build Orders: Pool First, Lurkers 

Get SALT Encoding   

  12  0:01  Drone  
  13  0:12  Overlord  
  13  0:16  Drone  
  14  0:30  Drone x2  
  14  0:33  Extractor  
  14  0:34  Drone  
  16  0:46  Spawning Pool  
  15  0:50  Drone  
  15  0:56  Drone  
  17  1:18  Hatchery  
  17  1:21  Drone  
  17  1:33  Zergling x4  
  17  1:36  Metabolic Boost  
  17  1:39  Zergling x2  
  20  1:49  Queen  
  22  1:56  Overlord  
  20  2:08  Zergling x2  
  20  2:11  Baneling Nest  
  20  2:12  Zergling x2  
  21  2:21  Zergling x2  
  22  2:27  Queen  
  25  2:34  Zergling x2  
  25  2:45  Zergling x2  
  23  2:59  Hatchery  
  23  3:01  Zergling x2  
  23  3:02  Overlord  
  20  3:09  Drone x2  
  22  3:21  Drone  
  22  3:24  Drone  
  23  3:36  Drone x2  
  23  3:37  Drone x2  
  23  3:39  Hatchery  
  26  3:46  Drone  
  27  3:52  Lair  
  27  3:58  Extractor  
  27  3:59  Drone  
  28  4:10  Drone x3  
  30  4:18  Overlord  
  30  4:22  Overlord  
  30  4:36  Drone x3  
  30  4:37  Drone  
  30  4:38  Drone  
  35  4:39  Drone  
  35  4:43  Drone  
  35  4:45  Drone  
  38  4:47  Drone  
  38  4:50  Drone  
  40  5:00  Spire  
  40  5:02  Drone  
  40  5:04  Drone  
  40  5:06  Drone  
  42  5:10  Drone x2  
  42  5:13  Drone x2  
  46  5:16  Drone  
  46  5:18  Extractor  
  46  5:21  Overlord  
  46  5:22  Extractor  
  46  5:24  Drone  
  46  5:25  Drone  
  46  5:28  Drone  
  48  5:29  Drone  
  48  5:32  Overseer  
  48  5:35  Zergling x2  
  50  5:39  Overlord x2  
  50  5:40  Zergling x2  
  51  5:45  Zergling x6  
  54  5:51  Zergling x6  
  54  5:52  Unknown  
  57  5:58  Spine Crawler  
  57  6:00  Zergling x2, Spine Crawler  
  57  6:02  Baneling x4  
  57  6:04  Zergling x2  
  57  6:08  Zergling x4  
  57  6:10  Zergling x4  
  61  6:16  Zergling x4  
  63  6:19  Zergling x4  
  65  6:27  Mutalisk  
  65  6:28  Mutalisk  
  67  6:38  Mutalisk  
  64  6:42  Mutalisk  
  63  6:52  Mutalisk  
  64  6:58  Overlord x3  
  60  7:11  Hydralisk Den  
  57  7:20  Mutalisk x3  
  63  7:22  Drone  
  63  7:23  Drone x2  
  63  7:25  Drone x2  
  67  7:31  Mutalisk  
  69  7:41  Drone  
  69  7:43  Overlord x2  
  67  7:53  Drone x2  
  67  7:55  Lurker Den  
  67  8:01  Drone x3  
  67  8:04  Hatchery  
  69  8:05  Zergling x2  
  69  8:06  Zergling x2  
  71  8:17  Mutalisk x2  
  69  8:28  Drone  
  68  8:36  Overseer  
  66  8:47  Drone x3  
  69  9:10  Hatchery  
  69  9:13  Zergling x18  
  77  9:17  Roach Warren, Evolution Chamber  
  77  9:20  Unknown  
  75  9:32  Zerg Flyer Weapons Level 1  
  75  9:33  Hydralisk x3  
  81  9:56  Hydralisk x3  
  86  10:10  Drone x2, Glial Reconstitution  
  86  10:11  Zerg Missile Weapons Level 1  
  86  10:12  Lurker x3  
  91  10:15  Overlord  
  91  10:16  Drone x4  
  91  10:17  Drone  
  96  10:32  Lurker x2  
  93  10:51  Drone x10  
  93  10:53  Lurker, Overseer  
  101  11:02  Overseer  
  101  11:03  Pneumatized Carapace  
  101  11:05  Drone x4  
  105  11:13  Overlord x2  
  105  11:14  Overlord  
  105  11:21  Overlord  
  105  11:30  Extractor x2  
  105  11:32  Roach x10, Unknown x3  
  127  11:33  Roach x2, Unknown  
  126  11:40  Overseer  
  124  12:08  Roach x8  
  121  12:25  Roach x3  
  121  12:26  Roach x5  
Tags
 
Add a new tag
Caveats
  • Supply blocks, unpowered buildings, or Contaminate may cause inaccurate times.
  • Supply counts are checked every 10 seconds.